 Dungeon Crawl Stone Soup version 0.21.1-1-g345015fe64 (webtiles) character file.

156 Enjoyment the Poker (level 5, -1/42 HPs)
             Began as a Human Berserker on June 21, 2018.
             Was a Believer of Trog.
             Slain by Lokiki's ghost (7 damage)
             ... on level 3 of the Dungeon.
             The game lasted 00:05:02 (2957 turns).

Enjoyment the Poker (Human Berserker)               Turns: 2957, Time: 00:05:02

Health: -1/42      AC: 11    Str: 18    XL:     5   Next: 65%
Magic:  5/5        EV:  6    Int:  7    God:    Trog [**....]
Gold:   234        SH:  0    Dex: 13    Spells: 4/4 levels left

rFire    . . .     SeeInvis .   a - +0 spear
rCold    . . .     Gourm    .   (no shield)
rNeg     . . .     Faith    .   j - +0 plate armour
rPois    .         Spirit   .   (no helmet)
rElec    .         Reflect  .   (no cloak)
rCorr    .         Harm     .   (no gloves)
MR       .....                  (no boots)
Stlth    ..........             (no amulet)
HPRegen  0.14/turn              (no ring)
MPRegen  0.09/turn              (no ring)

@: no status effects
A: no striking features
a: Berserk, Trog's Hand, Burn Spellbooks, Renounce Religion


You were on level 3 of the Dungeon.
You worshipped Trog.
Trog was pleased with you.
You were not hungry.

You visited 1 branch of the dungeon, and saw 3 of its levels.

You collected 234 gold pieces.

Inventory:

Hand Weapons
 a - a +0 spear (weapon)
Armour
 b - a +0 animal skin
 h - a +0 ring mail
 j - a +0 plate armour (worn)
Wands
 m - a wand of iceblast (7)
Scrolls
 e - 2 scrolls of fog {unknown}
 f - 7 scrolls of identify {unknown}
 g - 2 scrolls of enchant weapon {unknown}
 k - 2 scrolls of teleportation {unknown}
 l - a scroll of random uselessness {unknown}
 n - a scroll of blinking {unknown}
 o - 2 scrolls of remove curse {unknown}
 r - a scroll of amnesia {unknown}
 t - a scroll of enchant armour {unknown}
Potions
 d - 3 potions of curing {unknown}
 i - a potion of invisibility {unknown}
 p - 2 potions of heal wounds {unknown}
 q - a potion of flight {unknown}
 s - 2 potions of lignification {unknown}
Comestibles
 c - 7 rations


   Skills:
 + Level 3.8 Fighting
 + Level 4.8 Polearms
 + Level 2.7 Armour
 + Level 2.3 Dodging


You had 4 spell levels left.
You didn't know any spells.

Dungeon Overview and Level Annotations

Branches:
Dungeon (3/15)

Altars:
Ashenzari
Fedhas
Trog

Annotations:
D:3 Lokiki's ghost, amateur DsFi


Message History

* * * LOW HITPOINT WARNING * * *
You closely miss Lokiki's ghost.
Lokiki's ghost is lightly damaged.
Lokiki's ghost hits you but does no damage.
Lokiki's ghost hits you but does no damage.
You hit Lokiki's ghost.
Lokiki's ghost is lightly damaged.
Lokiki's ghost hits you.
* * * LOW HITPOINT WARNING * * *
You miss Lokiki's ghost.
Lokiki's ghost is lightly damaged.
Lokiki's ghost hits you but does no damage.
You hit Lokiki's ghost but do no damage.
Lokiki's ghost is lightly damaged.
Lokiki's ghost barely misses you.
You closely miss Lokiki's ghost.
Lokiki's ghost is lightly damaged.
Lokiki's ghost stares at you. Lokiki's ghost hits you!
You die...

####.# ##....#
#.....# #.....#
#.....#
#########>..##
#..........##
#W##########
#@# #.# ## #.#
##. ##### ##.#
##8# #8##
#######.##
##8...
...8##...)..##
####....
....#####.#..##
#.#>..
..._#....#.#.#
#(##
...#######.##.


You could see Lokiki's ghost.

Vanquished Creatures
  A crimson imp (D:3)
  A bullfrog skeleton (D:3)
  5 adders
  2 leopard geckos (D:1)
  3 orcs (D:3)
  2 bats
  6 giant cockroaches
  5 goblins
  7 hobgoblins
  2 frilled lizards
  4 kobolds
  13 rats
51 creatures vanquished.

Notes
Turn   | Place    | Note
-------+----------+-------------------------------------------
     0 | D:1      | Enjoyment the Human Berserker began the quest for the Orb.
     0 | D:1      | Reached XP level 1. HP: 18/18 MP: 1/1
   209 | D:1      | Reached XP level 2. HP: 8/24 MP: 2/2
   780 | D:1      | Found a shattered altar of Ashenzari.
  1123 | D:2      | Reached XP level 3. HP: 26/29 MP: 3/3
  1197 | D:2      | Found a shattered altar of Ashenzari.
  1826 | D:3      | Reached XP level 4. HP: 35/35 MP: 4/4
  2027 | D:3      | Reached ** piety under Trog
  2027 | D:3      | Reached skill level 4 in Polearms
  2336 | D:3      | Reached XP level 5. HP: 38/42 MP: 5/5
  2595 | D:3      | Found a blossoming altar of Fedhas.
  2732 | D:3      | Found a bloodstained altar of Trog.
  2930 | D:3      | Noticed Lokiki's ghost (amateur DsFi)
  2957 | D:3      | Slain by Lokiki's ghost

Skill      XL: |  1  2  3  4 |
---------------+-------------+-----
Polearms       | 4 |  4.8
Fighting       | |  3.8
Armour         | |  2.7
Dodging        | |  2.3

Action                   |  1- 3 |  4- 6 || total
-------------------------+-------+-------++-------
Melee: Spear             |   113 |   201 ||   314
  Eat: Chunk             |     3 |       ||     3
       Ration            |     1 |       ||     1
Armor: Animal skin       |    13 |       ||    13
       Plate armour      |    40 |   126 ||   166
Dodge: Dodged            |    27 |    72 ||    99
